 Dungeon Crawl Stone Soup version 0.28.0-47-ge53b351184 (webtiles) character file.

Game seed: 3591111477254113000

4779 Exodus22XD the Cleaver (level 10, -1/81 HPs)
             Began as a Minotaur Fighter on May 7, 2022.
             Was a Believer of Hepliaklqana.
             Slain by an orc warrior
             ... wielding a +0 hand axe
              (15 damage)
             ... on level 9 of the Dungeon.
             The game lasted 00:12:35 (10094 turns).

Exodus22XD the Cleaver (Minotaur Fighter)          Turns: 10094, Time: 00:12:35

Health: -1/81      AC: 13    Str: 32    XL:     10   Next: 23%
Magic:  10/10      EV: 10    Int:  5    God:    Hepliaklqana [**....]
Gold:   676        SH:  5    Dex:  9    Spells: 9/9 levels left

rFire   . . .      SeeInvis +   a - +0 war axe
rCold   . . .      Faith    .   c - +0 buckler
rNeg    . . .      Spirit   .   A - +0 swamp dragon scales
rPois   +          Reflect  .   (helmet restricted)
rElec   .          Harm     .   (no cloak)
rCorr   .          Rampage  .   (no gloves)
Will    .....                   e - +2 pair of boots
Stlth   ..........              (no amulet)
HPRegen 0.23/turn               i - +6 ring of strength
MPRegen 0.12/turn               o - ring of see invisible

@: no status effects
A: reduced essence, horns 2, retaliatory headbutt
a: Renounce Religion, Recall Ancestor, Ancestor Identity


You were on level 9 of the Dungeon.
You worshipped Hepliaklqana.
Hepliaklqana was pleased with you.
You visited 2 branches of the dungeon, and saw 10 of its levels.
You also visited: Sewer.

You collected 700 gold pieces.
You spent 24 gold pieces at shops.

Inventory:

Hand Weapons
 a - a +0 war axe (weapon)
 z - a +1 whip of freezing
 K - a +1 vampiric hand axe
Missiles
 B - 2 throwing nets (quivered)
Armour
 c - a +0 buckler (worn)
 e - a +2 pair of boots (worn)
 s - a +0 chain mail
 A - +0 swamp dragon scales (worn)
Jewellery
 i - a +6 ring of strength (left hand)
 o - a ring of see invisible (right hand)
Wands
 b - a wand of acid (20)
 f - a wand of digging (1)
 m - a wand of iceblast (3)
 y - a wand of paralysis (8)
 F - a wand of polymorph (7)
 H - a wand of flame (10)
Scrolls
 h - 4 scrolls of teleportation
 j - 2 scrolls of enchant weapon
 k - 2 scrolls of silence {unknown}
 l - 3 scrolls of vulnerability {unknown}
 p - 3 scrolls of brand weapon {unknown}
 r - a scroll of summoning {unknown}
 t - a scroll of identify
 u - a scroll of magic mapping {unknown}
 C - a scroll of amnesia {unknown}
 E - a scroll of immolation {unknown}
 G - a scroll of fear
Potions
 d - 2 potions of might
 g - a potion of lignification
 n - 3 potions of curing
 q - 2 potions of mutation
 v - a potion of heal wounds {unknown}
 w - a potion of flight {unknown}
 D - a potion of haste {unknown}
 I - a potion of degeneration {unknown}
 J - a potion of brilliance {unknown}


   Skills:
 + Level 8.7 Fighting
 + Level 13.0 Axes
 + Level 9.2 Armour
 + Level 5.7 Shields
 * Level 1.6 Invocations
 - Level 0.3 Evocations


You had 9 spell levels left.
You didn't know any spells.
Your spell library was empty.

Dungeon Overview and Level Annotations

Branches:
Dungeon (9/15)             Temple (1/1) D:4           Sewer (visited)
   Lair: D:8-11         Orc: D:9-12

Altars:
Ashenzari
Fedhas
Gozag
Hepliaklqana
Makhleb
Nemelex Xobeh
Okawaru
Sif Muna
Trog
Uskayaw
Wu Jian
Xom
Yredelemnul
Zin
The Shining One

Shops:
D:2 *   D:3 =

Annotations:
D:7 1 runed translucent door, 2 transporters, Crazy Yiuf; aloneDruid's ghost, novice FoFi
D:9 3 runed translucent doors, Prince Ribbit


Innate Abilities, Weirdness & Mutations

Your life essence is reduced to manifest your ancestor. (-10% HP)
You have a pair of horns on your head.
You reflexively headbutt those who attack you in melee.


Message History

You closely miss the orc warrior.
The orc warrior is heavily wounded.
You hit Prince Ribbit. The orc warrior closely misses you.
The orc warrior closely misses Xiloxoch.
You block Prince Ribbit's attack.
Xiloxoch closely misses the orc warrior.
You barely miss the orc warrior. Your headbutt misses the orc warrior.
The orc warrior is heavily wounded.
You hit Prince Ribbit. You block the orc warrior's attack.
The orc warrior barely misses Xiloxoch.
Prince Ribbit lets out a mournful croak.
Prince Ribbit hits you but does no damage.
The orc warrior hits you with a +0 hand axe!
The orc warrior hits Xiloxoch with a +0 hand axe!
You closely miss Prince Ribbit. Your headbutt misses Prince Ribbit.
Prince Ribbit is lightly wounded.
You hit the orc warrior. Prince Ribbit hits you!
* * * LOW HITPOINT WARNING * * *
Xiloxoch closely misses the orc warrior.
The orc warrior closely misses you.
The orc warrior hits Xiloxoch with a +0 hand axe!
Prince Ribbit closely misses you.
Xiloxoch hits the orc warrior with a +0 flail!
Prince Ribbit hits you.
* * * LOW HITPOINT WARNING * * *
Okay, then.
You hit Prince Ribbit.
Prince Ribbit is moderately wounded.
You barely miss the orc warrior.
The orc warrior hits you but does no damage.
The orc warrior closely misses Xiloxoch.
Xiloxoch hits the orc warrior with a +0 flail.
You block Prince Ribbit's attack.
The orc warrior hits you but does no damage.
Xiloxoch blocks the orc warrior's attack.
You barely miss the orc warrior.
The orc warrior is almost dead.
You hit Prince Ribbit.
Prince Ribbit blinks!
The orc warrior hits you with a +0 hand axe!
You die...

#.. #.. #.. #.. #.. #..
#..
#######################..
......).@................
......Ro§................
......).........:....####
.............F.......#
..........!...........#
........................
........(................
.................###+++##
.................#(....(.


You could see the friendly Xiloxoch the knight, Prince Ribbit and an orc warrior
(berserk, ally target).

Vanquished Creatures
  Pikel (D:6)
  Maggie (D:6)
  A komodo dragon (D:7)
  A shadow (D:9)
  A wyvern (D:8)
  Menkaure (D:6)
  A water moccasin (D:5)
  An ice beast (D:7)
  An orc warrior (D:8)
  A black bear (D:4)
  3 ogres
  A necrophage (D:4)
  A sky beast (D:5)
  2 centaurs (D:8)
  2 phantoms
  2 kobold brigands (D:8)
  4 bullfrogs
  A scorpion (D:6)
  A water moccasin zombie (D:5)
  3 killer bees (D:8)
  3 wights (D:6)
  A jelly (D:4)
  2 centaur zombies
  A centaur skeleton (D:7)
  A gnoll shaman (D:5)
  3 hounds
  2 orc priests (D:8)
  Jessica (D:3)
  2 iguanas (D:5)
  A scorpion zombie (D:4)
  6 orc wizards
  4 hound zombies (D:4)
  A howler monkey zombie (D:4)
  A howler monkey skeleton (D:4)
  10 adders
  18 gnolls
  A river rat (D:3)
  2 shadow imps
  An adder zombie (D:4)
  A worm (D:2)
  18 orcs
  13 ball pythons
  4 bats
  16 endoplasms
  14 giant cockroaches
  6 goblins
  10 hobgoblins
  5 jackals
  6 quokkas
  6 frilled lizards
  10 kobolds
  A quokka skeleton (D:4)
  A quokka zombie (D:4)
  7 rats
209 creatures vanquished.

Vanquished Creatures (collateral kills)
  2 orc warriors (D:8)
  A kobold brigand (D:8)
  2 orc priests
  A gnoll shaman (D:6)
  3 orc wizards
  2 gnolls (D:8)
  2 hobgoblins (D:8)
  4 kobolds (D:8)
17 creatures vanquished.

Vanquished Creatures (others)
  An ancestor (D:7)
  65 fungi (D:8)
  17 plants (D:8)
  A withered plant (D:4)
84 creatures vanquished.

Grand Total: 310 creatures vanquished

Notes
Turn   | Place    | Note
-------+----------+-------------------------------------------
     0 | D:1      | Exodus22XD the Minotaur Fighter began the quest for the
                  | Orb.
     0 | D:1      | Reached XP level 1. HP: 19/19 MP: 0/0
   270 | D:1      | Reached XP level 2. HP: 18/27 MP: 1/1
   588 | D:1      | Found a faded altar of an unknown god.
  1015 | D:2      | Reached XP level 3. HP: 30/33 MP: 2/2
  1053 | D:2      | Reached skill level 3 in Axes
  1238 | D:2      | Reached XP level 4. HP: 5/40 MP: 3/3
  1668 | D:2      | Found Mefivism's General Store.
  1676 | D:2      | Bought a scroll of identify for 24 gold pieces
  1736 | D:2      | Found an iron altar of Okawaru.
  2334 | D:3      | Noticed Jessica
  2336 | D:3      | Killed Jessica
  2337 | D:3      | Reached skill level 4 in Axes
  2500 | D:3      | Reached XP level 5. HP: 47/47 MP: 4/4
  2578 | D:3      | Found Vudabimu's Jewellery Shop.
  2778 | D:3      | Found a glowing drain.
  2782 | D:3      | Reached skill level 5 in Armour
  2799 | Sewer    | Entered a sewer
  3199 | Sewer    | Reached skill level 5 in Axes
  3238 | Sewer    | Reached XP level 6. HP: 41/55 MP: 5/5
  3249 | Sewer    | Reached skill level 5 in Fighting
  3993 | D:4      | Found an ornate altar of the Wu Jian Council.
  4141 | D:4      | Reached skill level 6 in Axes
  4178 | D:4      | Reached XP level 7. HP: 55/61 MP: 6/6
  4388 | D:4      | Found a staircase to the Ecumenical Temple.
  4424 | Temple   | Entered the Ecumenical Temple
  4466 | Temple   | Became a worshipper of Hepliaklqana the Forgotten
  4541 | D:4      | Found a broken altar of Ashenzari.
  4576 | D:4      | Reached skill level 7 in Axes
  5094 | D:5      | Entered Level 5 of the Dungeon
  5352 | D:5      | Reached skill level 8 in Axes
  5360 | D:5      | Reached XP level 8. HP: 62/70 MP: 7/7
  5552 | D:5      | Reached * piety under Hepliaklqana
  5742 | D:5      | Reached skill level 9 in Axes
  6036 | D:5      | Found a burning altar of Makhleb.
  6036 | D:5      | Found a blossoming altar of Fedhas.
  6039 | D:5      | Found a sparkling altar of Nemelex Xobeh.
  6041 | D:5      | Found an iron altar of Okawaru.
  6121 | D:5      | Found a glowing golden altar of the Shining One.
  6127 | D:5      | Found a basalt altar of Yredelemnul.
  6129 | D:5      | Noticed a profane servitor
  6172 | D:5      | Noticed an angel
  6232 | D:6      | Noticed Pikel
  6232 | D:6      | Noticed Maggie
  6238 | D:6      | Killed Maggie
  6239 | D:6      | Reached skill level 5 in Shields
  6251 | D:6      | Killed Pikel
  6252 | D:6      | Reached skill level 10 in Axes
  6252 | D:6      | Reached XP level 9. HP: 51/70 MP: 8/8
  7309 | D:6      | Noticed Menkaure
  7315 | D:6      | Killed Menkaure
  7316 | D:6      | Reached skill level 11 in Axes
  7673 | D:7      | Noticed a komodo dragon
  7692 | D:7      | Killed a komodo dragon
  7925 | D:7      | Found an opulent altar of Gozag.
  7986 | D:7      | Found a runed translucent door.
  7987 | D:7      | Noticed Crazy Yiuf
  8019 | D:7      | Noticed a moth of wrath
  8089 | D:7      | Noticed aloneDruid's ghost (novice FoFi)
  8092 | D:7      | Noticed a two-headed ogre
  8102 | D:7      | Found a bloodstained altar of Trog.
  8109 | D:7      | Found a transporter.
  8112 | D:7      | Found a transporter.
  8338 | D:8      | Reached skill level 12 in Axes
  8864 | D:8      | Reached ** piety under Hepliaklqana
  8865 | D:8      | Remembered your ancestor Xiloxoch as a knight
  8990 | D:8      | Reached XP level 10. HP: 31/81 MP: 9/9
  9336 | D:8      | Reached skill level 1 in Invocations
  9739 | D:8      | Found a shimmering altar of Xom.
  9867 | D:8      | Found a shimmering blue altar of Sif Muna.
  9947 | D:8      | Found a bloodstained altar of Trog.
 10030 | D:9      | Reached skill level 13 in Axes
 10064 | D:9      | Found a runed translucent gate.
 10065 | D:9      | Found a runed translucent gate.
 10065 | D:9      | Found a runed translucent gate.
 10078 | D:9      | Noticed Prince Ribbit
 10094 | D:9      | Slain by an orc warrior

Illustrated notes

Levels and vault maps discovered:
D:1:      dpeg_arrival_rhombus, layout_basic, nicolae_ecumenical_lake_church
D:2:      layout_loops_ring, basic_altar, serial_shops, shop,
          hangedman_abyss_or_decor_stabs, nrook_campfire
D:3:      layout_basic, portal_sewer_entry_a, serial_shops, shop, uniq_jessica
D:4:      layout_basic, nicolae_wu_jian_wuxing_cycle, evilmike_ruin_ashenzari,
          minmay_temple_entry_waves, serial_undead, serial_undead_d,
          serial_undead_a, serial_undead_d, serial_undead_e
D:5:      layout_loops_ring, grunt_temple_overflow_holy_war, minitemple
D:6:      layout_layer_cave, uniq_pikel, uniq_menkaure, uniq_maggie
D:7:      layout_gridville, nicolae_gozag_seed_capital,
          gammafunk_ghost_wrathful_warriors, hex_tiny, uniq_crazy_yiuf_cottage
D:8:      kennysheep_housing_project, layout_basic, lightli_temple_of_fire,
          mainiacjoe_overflow_catch_the_wave
D:9:      layout_long_grid, erik_orc_1, ebering_ghost_rock_garden,
          grunt_decor_one_mirror, serial_park_tiny_1, uniq_erica,
          uniq_prince_ribbit1
Temple:   dpeg_chambers_temple

Skill      XL: |  1  2  3  4  5  6  7  8  9 10 |
---------------+-------------------------------+-----
Fighting       | 4 5 6 8 |  8.7
Armour         | 4 5 6 8 9 |  9.2
Axes           | 3 4 5 6 8 10 12 13 | 13.0
Shields        | 4 5 |  5.7
Invocations    | 1 |  1.6
Evocations     | |  0.3

Action                   |  1- 3 |  4- 6 |  7- 9 | 10-12 || total
-------------------------+-------+-------+-------+-------++-------
Melee: War axe           |    49 |   175 |   207 |    66 ||   497
       Headbutt          |     5 |    13 |    36 |    11 ||    65
Invok: Ancestor Life: Kn |       |       |     1 |       ||     1
Evoke: Wand              |       |       |     2 |       ||     2
  Use: Scroll            |       |     3 |     6 |       ||     9
Armor: Scale mail        |    27 |    19 |       |       ||    46
       Chain mail        |       |    64 |    58 |       ||   122
       Swamp dragon scal |       |       |    34 |    25 ||    59
Dodge: Dodged            |    13 |    68 |    95 |    24 ||   200
Block: Buckler           |     8 |    34 |    37 |    20 ||    99
